 Dungeon Crawl Stone Soup version 0.29-a0-384-g6960b1960d (webtiles) character file.

Game seed: 765332243942414721

1967 Bruhh the Fighter (level 9, -11/78 HPs)
             Began as a Demonspawn Ice Elementalist on May 7, 2022.
             Killed from afar by Maggie (16 damage)
             ... with a bolt of fire
             ... on level 6 of the Dungeon.
             The game lasted 00:13:08 (8298 turns).

Bruhh the Fighter (Demonspawn Ice Elementalist)     Turns: 8298, Time: 00:13:08

Health: -11/78     AC:  3    Str:  8    XL:     9   Next: 0%
Magic:  9/16       EV: 12    Int: 21    God:
Gold:   361        SH:  4    Dex: 14    Spells: 11/18 levels left

rFire   . . .      SeeInvis .   x - +0 great sword
rCold   . . .      Faith    .   (shield currently unavailable)
rNeg    . . .      Spirit   .   a - +0 robe
rPois   .          Reflect  .   (no helmet)
rElec   .          Harm     .   (no cloak)
rCorr   .          Rampage  .   (no gloves)
Will    .....                   f - +0 pair of boots
Stlth   ++........              (no amulet)
HPRegen 0.23/turn               (no ring)
MPRegen 0.15/turn               (no ring)

@: freezing walls, mesmerised
A: large bone plates 1, spiny 2, demonic magic 1
a: no special abilities


You were on level 6 of the Dungeon.
You visited 1 branch of the dungeon, and saw 6 of its levels.

You collected 361 gold pieces.

Inventory:

Hand Weapons
 e - a +0 short sword
 n - a +1 whip of electrocution
 x - a +0 great sword (weapon)
Armour
 a - a +0 robe (worn)
 f - a +0 pair of boots (worn)
 l - a +0 buckler
 p - a +0 kite shield
Jewellery
 q - a +4 ring of protection
 t - a +6 ring of intelligence
 A - the ring of Attihups {rElec SInv}
   (You found it on level 6 of the Dungeon)

   [ring of see invisible]

   rElec:     It insulates you from electricity.
   SInv:      It lets you see invisible.
Wands
 w - a wand of digging (6)
 z - a wand of iceblast (7)
Scrolls
 c - 5 scrolls of identify {unknown}
 d - 2 scrolls of immolation {unknown}
 g - 4 scrolls of teleportation {unknown}
 i - a scroll of vulnerability {unknown}
 m - a scroll of magic mapping {unknown}
 u - a scroll of poison {unknown}
 v - a scroll of summoning {unknown}
 y - a scroll of amnesia {unknown}
Potions
 b - a potion of magic
 h - a potion of resistance {unknown}
 j - a potion of degeneration {unknown}
 k - 2 potions of haste
 o - a potion of attraction {unknown}
 r - a potion of flight {unknown}
 s - a potion of cancellation {unknown}


   Skills:
 + Level 9.9 Fighting
 - Level 1.7 Dodging
 - Level 1.7 Stealth
 - Level 5.0 Spellcasting
 - Level 5.0 Ice Magic


You had 11 spell levels left.
You knew the following spells:

 Your Spells              Type           Power      Damage    Failure   Level
a - Freeze                Ice            100%       1d11      1%          1
b - Frozen Ramparts       Ice            52%        1d7       4%          3
c - Ozocubu's Armour      Ice            26%        N/A       4%          3

Your spell library contained the following spells:

 Spells                   Type           Power      Damage    Failure   Level
 Ensorcelled Hibernation  Hex/Ice        30%        N/A       6%          2
 Spider Form              Tmut/Pois      5%         N/A       32%         3
 Hailstorm                Conj/Ice       15%        3d5       36%         4
 Anguish                  Hex/Necr       2%         N/A       71%         4


Dungeon Overview and Level Annotations

Branches:
Dungeon (6/15)             Temple (0/1) D:5

Altars:
Makhleb
Zin

Shops:
D:2 (

Annotations:
D:6 Maggie


Innate Abilities, Weirdness & Mutations

You are partially covered in large bone plates. (SH +4)
You are mostly covered in sharp spines.
Spells you cast may paralyse adjacent enemies.


Message History

Maggie mumbles some strange words.
Maggie draws you further into her thrall.
The wall freezes Maggie.
Maggie hits you from afar with a +0 halberd!
The wall freezes Maggie.
Maggie casts a spell.
Maggie draws you further into her thrall.
The wall freezes Maggie!
Maggie barely misses you.
The wall freezes Maggie.
Maggie hits you but does no damage.
The wall freezes Maggie.
Maggie misses you.
The frozen ramparts melt away.
Maggie points at you and mumbles some strange words.
The bolt of fire hits you!!
Your icy armour melts away.
* * * LOW HITPOINT WARNING * * *
Casting: Ozocubu's Armour (dangerous; 4% risk of failure)
Confirm with . or Enter, or press ? or * to list all spells.
Casting: Frozen Ramparts (dangerous; 4% risk of failure)
Press: ? - help, Dir - look around, f - activate The walls around you are covered in ice.
Malevolent energies surge around you.
The wall freezes Maggie.
Maggie hits you from afar with a +0 halberd.
* * * LOW HITPOINT WARNING * * *
Unknown command.
Casting: Frozen Ramparts (dangerous; 4% risk of failure)
Confirm with . or Enter, or press ? or * to list all spells.
Okay, then.
You feel better.
The wall freezes Maggie.
You block Maggie's attack.
The wall freezes Maggie.
Maggie barely misses you.
The wall freezes Maggie.
Maggie hits you from afar with a +0 halberd!
* * * LOW HITPOINT WARNING * * *
The wall freezes Maggie.
Maggie hits you from afar with a +0 halberd!
* * * LOW HITPOINT WARNING * * *
The wall freezes Maggie.
Maggie says, "How do the people who live here stand the isolation?"
Maggie points at you and mumbles some strange words.
The bolt of fire hits you!
You die...

# #.#
##...######.......#.## #
##.###...........#######...
#######...##....########
#### .............#.## #
######....#..#.#
#.####..#.# #.#.....#.#
######)#.#.###.#######
....>...........@.@..#
...............#####.#
.#####.#.#.##### #.# .#
#.#.#.# #.# .# #.....# #.#
.#####.....# #.#
..........## #.#
.#####.#.##### #####.# .#
##........###..)#.#


You could see Maggie (mesmerising).

Vanquished Creatures
  An acid dragon (D:4)
  An orc warrior (D:5)
  A black bear (D:5)
  A centaur (D:5)
  2 ogres
  A kobold brigand (D:6)
  A bullfrog (D:6)
  4 scorpions
  2 necrophages (D:5)
  3 wights (D:6)
  A howler monkey (D:5)
  A hound (D:6)
  5 orc priests
  A gnoll shaman (D:5)
  Jessica (D:3)
  3 iguanas
  7 orc wizards
  Robin (D:3)
  8 gnolls
  7 adders
  An ufetubus (D:5)
  A worm (D:2)
  3 dart slugs
  12 orcs
  5 ball pythons
  5 endoplasms
  5 giant cockroaches
  13 goblins
  8 hobgoblins
  2 jackals (D:5)
  4 quokkas
  5 bats
  9 frilled lizards
  10 kobolds
  3 rats
138 creatures vanquished.

Notes
Turn   | Place    | Note
-------+----------+-------------------------------------------
     0 | D:1      | Bruhh the Demonspawn Ice Elementalist began the quest for
                  | the Orb.
     0 | D:1      | Reached XP level 1. HP: 13/13 MP: 3/3
   478 | D:1      | Gained mutation: You are partially covered in sharp spines.
                  | [demonic ancestry]
   478 | D:1      | Reached XP level 2. HP: 17/19 MP: 0/5
   557 | D:1      | Found a faded altar of an unknown god.
  1379 | D:2      | Found Qaguet's Weapon Shoppe.
  1414 | D:2      | Reached XP level 3. HP: 22/24 MP: 5/7
  1418 | D:2      | Learned a level 3 spell: Frozen Ramparts
  1422 | D:2      | Learned a level 3 spell: Ozocubu's Armour
  2359 | D:3      | Noticed Robin
  2501 | D:2      | Gained mutation: Spells you cast may paralyse adjacent
                  | enemies. [demonic ancestry]
  2501 | D:2      | Reached XP level 4. HP: 22/30 MP: 5/8
  2687 | D:3      | Killed Robin
  3128 | D:3      | Reached skill level 5 in Ice Magic
  3295 | D:3      | Noticed Jessica
  3299 | D:3      | Killed Jessica
  3300 | D:3      | Reached XP level 5. HP: 28/35 MP: 7/10
  3853 | D:4      | Gained mutation: You are partially covered in large bone
                  | plates. (SH +4) [demonic ancestry]
  3853 | D:4      | Reached XP level 6. HP: 24/41 MP: 10/13
  4077 | D:4      | Found a burning altar of Makhleb.
  4225 | D:4      | Reached skill level 5 in Spellcasting
  4453 | D:4      | Noticed an acid dragon
  4463 | D:4      | Killed an acid dragon
  4464 | D:4      | Reached skill level 2 in Fighting
  4734 | D:5      | Entered Level 5 of the Dungeon
  4752 | D:5      | Reached skill level 3 in Fighting
  5260 | D:5      | Reached XP level 7. HP: 31/53 MP: 10/14
  5394 | D:5      | Found a staircase to the Ecumenical Temple.
  5465 | D:5      | Reached skill level 4 in Fighting
  5950 | D:5      | Reached skill level 5 in Fighting
  6393 | D:5      | Reached skill level 6 in Fighting
  6498 | D:5      | Reached XP level 8. HP: 63/65 MP: 7/15
  6620 | D:5      | Reached skill level 7 in Fighting
  7188 | D:6      | Reached skill level 8 in Fighting
  7641 | D:6      | Reached skill level 9 in Fighting
  8149 | D:6      | Identified the ring of Attihups {rElec SInv}
  8219 | D:6      | Gained mutation: You are mostly covered in sharp spines.
                  | [demonic ancestry]
  8219 | D:6      | Reached XP level 9. HP: 78/78 MP: 9/16
  8280 | D:6      | Noticed Maggie
  8298 | D:6      | Killed from afar by Maggie

Illustrated notes

Levels and vault maps discovered:
D:1:      grunt_arrival_crossed_arrows, layout_loops_ring,
          basic_ecumenical_altar, minmay_lizard_pond
D:2:      layout_basic, serial_shops, shop
D:3:      layout_basic, mainiacjoe_overflow_cross_hatched,
          kennysheep_generic_room_9, uniq_robin, uniq_jessica
D:4:      layout_basic, mainiacjoe_overflow_surrounded_room,
          serial_co_window_serial, co_window_corner_a,
          co_window_of_opportunity_a, co_window_paths_b, co_window_corner_a,
          co_window_corner_a, co_window_of_opportunity_b, co_window_2corner,
          co_window_of_opportunity_b, co_window_paths_d, co_window_sun,
          glass_columns_a, glass_columns_a
D:5:      layout_basic, temple_statues
D:6:      layout_loops_ring, uniq_maggie

Skill      XL: |  1  2  3  4  5  6  7  8 |
---------------+-------------------------+-----
Spellcasting   | 3 4 5 |  5.0
Ice Magic      | 4 5 |  5.0
Fighting       | 3 6 9 |  9.9
Dodging        | |  1.7
Stealth        | |  1.7

Action                   |  1- 3 |  4- 6 |  7- 9 || total
-------------------------+-------+-------+-------++-------
Melee: Unarmed           |    21 |       |       ||    21
       Punch             |     2 |       |       ||     2
       Short sword       |    21 |       |       ||    21
       Whip              |     2 |    21 |    12 ||    35
       Great sword       |       |       |    31 ||    31
 Cast: Freeze            |    40 |    49 |    40 ||   129
       Frozen Ramparts   |       |     3 |    13 ||    16
       Ozocubu's Armour  |       |     2 |    12 ||    14
  Use: Potion            |       |       |     4 ||     4
 Stab: Sleeping          |     2 |     2 |       ||     4
       Paralysed         |       |       |     6 ||     6
Armor: Robe              |    23 |    13 |    15 ||    51
Dodge: Dodged            |    40 |    20 |    66 ||   126
Block: Other             |       |     2 |    24 ||    26

Table legend: (Time is in decaauts)
 A = Elapsed time spent in this place.
 B = Non-inter-level travel time spent in this place.
 C = Inter-level travel time spent in this place.
 D = Time resting spent in this place.
 E = Time spent auto-exploring this place.
 F = Levels seen in this place.
 G = Mean time per level.
                   A        B        C        D        E       F      G
               +--------+--------+--------+--------+--------+-----+--------+
         Total |   8328 |   8124 |    204 |   1428 |   5816 |   6 | 1388.0 |
       Dungeon |   8328 |   8124 |    204 |   1428 |   5816 |   6 | 1388.0 |
               +--------+--------+--------+--------+--------+-----+--------+

Top non-repeatable levels by time:
     D:6: 1940 daAuts
     D:4: 1762 daAuts
     D:1: 1361 daAuts
     D:2: 1307 daAuts
     D:5: 1161 daAuts
     D:3: 795 daAuts
